SAAA
AUSTIN CAPITOLS @ BAY CITY BOMBERS
09/07/2018
 
TOP OF THE 1ST
Austin Capitols batting - Pitching for Bay City Bombers : RHP Jim Unknown
Pitching: RHP Jim Unknown
Batting: RHB Jim Unknown 0-0: SINGLE (Groundball, 56D) (infield hit)
Batting: LHB Jim Unknown 0-0: Ball
1-0: Called Strike
1-1: Swinging Strike
1-2: Ball
2-2: Strikes out swinging
Batting: RHB Jim Unknown 0-0: Ball
1-0: Ball
2-0: Ball
3-0: Called Strike
3-1: Called Strike
3-2: Foul Ball, location: 2F
3-2: Base on Balls
Jim Unknown to second
Batting: RHB Jim Unknown 0-0: Swinging Strike
0-1: Grounds into double play, 6-4-3 (Groundball, 6M)
Top of the 1st over - 0 run(s), 1 hit(s), 0 error(s), 1 left on base; Austin 0 - Bay City 0
BOTTOM OF THE 1ST
Bay City Bombers batting - Pitching for Austin Capitols : LHP Jim Unknown
Pitching: LHP Jim Unknown
Batting: RHB Joaquín Parra 0-0: Called Strike
0-1: Ball
1-1: Ball
2-1: Swinging Strike
2-2: Foul Ball, location: 2F
2-2: Fly out, F8 (Line Drive, 8LM)
Batting: LHB Mito Rin 0-0: Called Strike
0-1: Ball
1-1: Ground out 6-3 (Groundball, 6M)
Batting: RHB Pedro Morales 0-0: Called Strike
0-1: Ball
1-1: Fly out, F7 (Flyball, 78XD)
Bottom of the 1st over - 0 run(s), 0 hit(s), 0 error(s), 0 left on base; Austin 0 - Bay City 0
TOP OF THE 2ND
Austin Capitols batting - Pitching for Bay City Bombers : RHP Jim Unknown
Batting: SHB Jim Unknown 0-0: Ball
1-0: SINGLE (Line Drive, 9S)
Batting: LHB Jim Unknown 0-0: Called Strike
0-1: Called Strike
0-2: Ball
1-2: Foul Ball, location: 2F
1-2: Fly out, F8 (Flyball, 8LD)
Batting: SHB Jim Unknown 0-0: Swinging Strike
0-1: Ball
1-1: Foul Ball, location: 2F
1-2: Foul Ball, location: 2F
1-2: SINGLE (Line Drive, 89M)
Jim Unknown to second
Batting: RHB Jim Unknown 0-0: Called Strike
0-1: Grounds into double play, 4-6-3 (Groundball, 4)
Top of the 2nd over - 0 run(s), 2 hit(s), 0 error(s), 1 left on base; Austin 0 - Bay City 0
BOTTOM OF THE 2ND
Bay City Bombers batting - Pitching for Austin Capitols : LHP Jim Unknown
Batting: RHB Luis Díaz 0-0: Called Strike
0-1: Ball
1-1: SINGLE (Groundball, 4MD)
Batting: SHB Stephen Fraven 0-0: Called Strike
0-1: Ball
1-1: Foul Ball, location: 2F
1-2: DOUBLE (Groundball, 5L)
Luis Díaz to third
Runner from 3rd tries for Home, SAFE, throw made home
Batting: LHB Guy Riley 0-0: Ball
1-0: Ground out 6-3 (Groundball, 6)
Batting: RHB Millard Watson 0-0: Ball
1-0: Called Strike
1-1: Swinging Strike
1-2: Ball
2-2: Ball
3-2: Fly out, F8 (Popup, 4MD)
Batting: RHB Aaron Phillips 0-0: Called Strike
0-1: Called Strike
0-2: Foul Ball, location: 2F
0-2: Ball
1-2: Ground out 5-3 (Groundball, 15S)
Bottom of the 2nd over - 1 run(s), 2 hit(s), 0 error(s), 1 left on base; Austin 0 - Bay City 1
TOP OF THE 3RD
Austin Capitols batting - Pitching for Bay City Bombers : RHP Jim Unknown
Batting: RHB Jim Unknown 0-0: Foul Ball, location: 2F
0-1: Ball
1-1: Ball
2-1: Ball
3-1: Base on Balls
Batting: RHB Jim Unknown 0-0: Ball
1-0: SINGLE (Groundball, 34D)
Jim Unknown to second
Runner from 2nd tries for 3rd, SAFE, throw made to third
Batting: LHB Jim Unknown 0-0: DOUBLE (Line Drive, 5L)
Jim Unknown scores
Jim Unknown to third
Batting: RHB Jim Unknown 0-0: Ball
1-0: Ball
2-0: Ball
3-0: Called Strike
3-1: Base on Balls
Batting: RHB Jim Unknown 0-0: Called Strike
0-1: Swinging Strike
0-2: Strikes out swinging
Batting: SHB Jim Unknown 0-0: Called Strike
0-1: Foul Ball, location: 2F
0-2: Strikes out swinging
Batting: LHB Jim Unknown 0-0: Called Strike
0-1: Foul Ball, location: 2F
0-2: Foul Ball, location: 2F
0-2: Ball
1-2: Fly out, F8 (Line Drive, 8RS)
Top of the 3rd over - 1 run(s), 2 hit(s), 0 error(s), 3 left on base; Austin 1 - Bay City 1
BOTTOM OF THE 3RD
Bay City Bombers batting - Pitching for Austin Capitols : LHP Jim Unknown
Batting: LHB John Doyle 0-0: Ground out 4-3 (Groundball, 4)
Batting: RHB Joaquín Parra 0-0: Swinging Strike
0-1: Foul Ball, location: 2F
0-2: Ball
1-2: SINGLE (Groundball, 6MD)
Batting: LHB Mito Rin 0-0: Called Strike
0-1: Ball
1-1: Fly out, F7 (Flyball, 7M)
Batting: RHB Pedro Morales 0-0: Called Strike
0-1: Ball
1-1: Foul Ball, location: 2F
1-2: Ball
2-2: Foul Ball, location: 2F
2-2: Ground out 4-3 (Groundball, 4)
Bottom of the 3rd over - 0 run(s), 1 hit(s), 0 error(s), 1 left on base; Austin 1 - Bay City 1
TOP OF THE 4TH
Austin Capitols batting - Pitching for Bay City Bombers : RHP Jim Unknown
Batting: SHB Jim Unknown 0-0: Ball
1-0: Called Strike
1-1: Called Strike
1-2: Foul Ball, location: 2F
1-2: Ball
2-2: Ball
3-2: SINGLE (Groundball, 34)
Batting: RHB Jim Unknown 0-0: Ball
1-0: Ball
2-0: Hit by Pitch
Jim Unknown to second
Batting: RHB Jim Unknown 0-0: Called Strike
0-1: Ball
1-1: Foul Ball, location: 2F
1-2: Ball
2-2: Fly out, F9 (Flyball, 9LM)
Batting: RHB Jim Unknown 0-0: Swinging Strike
0-1: Ball
1-1: 3-RUN HOME RUN (Flyball, 7D), Distance : 391 ft
Batting: LHB Jim Unknown 0-0: Ball
1-0: Swinging Strike
1-1: Ball
2-1: Swinging Strike
2-2: Strikes out swinging
Batting: RHB Jim Unknown 0-0: SINGLE (Line Drive, 56)
Batting: RHB Jim Unknown 0-0: Ball
1-0: Called Strike
1-1: Foul Ball, location: 2F
1-2: Strikes out swinging
Top of the 4th over - 3 run(s), 3 hit(s), 0 error(s), 1 left on base; Austin 4 - Bay City 1
BOTTOM OF THE 4TH
Bay City Bombers batting - Pitching for Austin Capitols : LHP Jim Unknown
Batting: RHB Luis Díaz 0-0: Ball
1-0: SINGLE (Flyball, 8RS)
Batting: SHB Stephen Fraven 0-0: SINGLE (Groundball, 6M)
Luis Díaz to second
Runner from 2nd tries for 3rd, SAFE, throw made to third
Batting: LHB Guy Riley 0-0: Ball
1-0: Called Strike
1-1: Called Strike
1-2: Foul Ball, location: 2F
1-2: Fly out, F3 (Popup, 23F)
Batting: RHB Millard Watson 0-0: Ball
1-0: Ball
2-0: Called Strike
2-1: Foul Ball, location: 2F
2-2: Ball
3-2: Base on Balls
Stephen Fraven to second
Batting: RHB Aaron Phillips 0-0: Swinging Strike
0-1: Foul Ball, location: 2F
0-2: Ball
1-2: Strikes out swinging
Batting: LHB John Doyle 0-0: Called Strike
0-1: Ball
1-1: Foul Ball, location: 2F
1-2: Ball
2-2: Fly out, F6 (Line Drive, 6)
Bottom of the 4th over - 0 run(s), 2 hit(s), 0 error(s), 3 left on base; Austin 4 - Bay City 1
TOP OF THE 5TH
Austin Capitols batting - Pitching for Bay City Bombers : RHP Jim Unknown
Batting: SHB Jim Unknown 0-0: Ball
1-0: Called Strike
1-1: Ball
2-1: Ball
3-1: Fly out, F8 (Flyball, 8RM)
Batting: LHB Jim Unknown 0-0: DOUBLE (Flyball, 8RXD)
Pitching: RHP Jeff Krause
Batting: SHB Jim Unknown 0-0: Ball
1-0: Fly out, F9 (Flyball, 9M)
Batting: RHB Jim Unknown 0-0: Called Strike
0-1: Ball
1-1: Ball
2-1: Swinging Strike
2-2: Foul Ball, location: 2F
2-2: Strikes out swinging
Top of the 5th over - 0 run(s), 1 hit(s), 0 error(s), 1 left on base; Austin 4 - Bay City 1
BOTTOM OF THE 5TH
Bay City Bombers batting - Pitching for Austin Capitols : LHP Jim Unknown
Batting: RHB Joaquín Parra 0-0: Swinging Strike
0-1: Ball
1-1: Ball
2-1: Fly out, F4 (Popup, 34D)
Batting: LHB Mito Rin 0-0: Foul Ball, location: 2F
0-1: Foul Ball, location: 2F
0-2: Ground out 5-3 (Groundball, 5S)
Batting: RHB Pedro Morales 0-0: Ball
1-0: Called Strike
1-1: Ball
2-1: Called Strike
2-2: Foul Ball, location: 2F
2-2: Strikes out swinging
Bottom of the 5th over - 0 run(s), 0 hit(s), 0 error(s), 0 left on base; Austin 4 - Bay City 1
TOP OF THE 6TH
Austin Capitols batting - Pitching for Bay City Bombers : RHP Jeff Krause
Batting: RHB Jim Unknown 0-0: Ball
1-0: Ball
2-0: Ball
3-0: Base on Balls
Batting: RHB Jim Unknown 0-0: Foul Ball, location: 2F
0-1: Ground out 4-3 (Groundball, 4S)
Jim Unknown to second
Batting: LHB Jim Unknown 0-0: Ball
1-0: Called Strike
1-1: Ball
2-1: Fly out, F6 (Popup, 5)
Batting: RHB Jim Unknown 0-0: Ball
1-0: Called Strike
1-1: Fly out, F7 (Line Drive, 78D)
Top of the 6th over - 0 run(s), 0 hit(s), 0 error(s), 1 left on base; Austin 4 - Bay City 1
BOTTOM OF THE 6TH
Bay City Bombers batting - Pitching for Austin Capitols : LHP Jim Unknown
Batting: RHB Luis Díaz 0-0: Foul Ball, location: 2F
0-1: Foul Ball, location: 2F
0-2: Strikes out swinging
Batting: SHB Stephen Fraven 0-0: Called Strike
0-1: Ball
1-1: Ball
2-1: Ground out 5-3 (Groundball, 56S)
Batting: LHB Guy Riley 0-0: SINGLE (Line Drive, 56D)
Batting: RHB Millard Watson 0-0: Ball
1-0: Foul Ball, location: 2F
1-1: Foul Ball, location: 2F
1-2: Strikes out looking
Bottom of the 6th over - 0 run(s), 1 hit(s), 0 error(s), 1 left on base; Austin 4 - Bay City 1
TOP OF THE 7TH
Austin Capitols batting - Pitching for Bay City Bombers : RHP Jeff Krause
Batting: RHB Jim Unknown 0-0: Ball
1-0: Swinging Strike
1-1: Ball
2-1: SINGLE (Popup, 6MD)
Batting: SHB Jim Unknown 0-0: Foul Ball, location: 2F
0-1: Called Strike
0-2: Fly out, F9 (Line Drive, 9M)
Pitching: LHP Gordon Wiggins
Batting: LHB Jim Unknown 0-0: Called Strike
0-1: SINGLE (Flyball, 78S)
Jim Unknown to second
Batting: SHB Jim Unknown 0-0: Ball
1-0: Ball
2-0: Foul Ball, location: 2F
2-1: Foul Ball, location: 2F
2-2: Fly out, F7 (Flyball, 78M)
Batting: RHB Jim Unknown 0-0: Called Strike
0-1: Foul Ball, location: 2F
0-2: Strikes out swinging
Top of the 7th over - 0 run(s), 2 hit(s), 0 error(s), 2 left on base; Austin 4 - Bay City 1
BOTTOM OF THE 7TH
Bay City Bombers batting - Pitching for Austin Capitols : LHP Jim Unknown
Batting: RHB Aaron Phillips 0-0: Ball
1-0: Called Strike
1-1: SINGLE (Groundball, 4MD)
Batting: LHB John Doyle 0-0: DOUBLE (Flyball, 78XD)
Aaron Phillips to third
Batting: RHB Joaquín Parra 0-0: SINGLE (Line Drive, 4D)
Aaron Phillips scores
John Doyle to third
Runner from 3rd tries for Home, SAFE, no throw or cutoff
Batting: LHB Mito Rin 0-0: Called Strike
0-1: Foul Ball, location: 2F
0-2: Strikes out looking
Batting: RHB Pedro Morales 0-0: Called Strike
0-1: Ball
1-1: SINGLE (Groundball, 13) (infield hit)
Joaquín Parra to second
Pitching: LHP Jim Unknown
Batting: RHB Luis Díaz 0-0: Ball
1-0: Swinging Strike
1-1: Called Strike
1-2: Strikes out swinging
Pinch Hitting: LHB Brad Shockley 0-0: Ball
1-0: Called Strike
1-1: Called Strike
1-2: Foul Ball, location: 2F
1-2: Fielders Choice at 2nd, U6 (Groundball, 6M)
Bottom of the 7th over - 2 run(s), 4 hit(s), 0 error(s), 2 left on base; Austin 4 - Bay City 3
TOP OF THE 8TH
Austin Capitols batting - Pitching for Bay City Bombers : LHP Gordon Wiggins
Now at 3B: Barry Martínez
Batting: RHB Jim Unknown 0-0: Ball
1-0: Swinging Strike
1-1: Ball
2-1: Foul Ball, location: 2F
2-2: Foul Ball, location: 2F
2-2: SINGLE (Line Drive, 8LS)
Batting: RHB Jim Unknown 0-0: Ball
1-0: Called Strike
1-1: Ball
2-1: Ball
3-1: Foul Ball, location: 2F
3-2: Base on Balls
Jim Unknown to second
Batting: LHB Jim Unknown 0-0: Called Strike
0-1: Ball
1-1: Swinging Strike
1-2: Ball
2-2: Ball
3-2: Base on Balls
Jim Unknown to third
Jim Unknown to second
Batting: RHB Jim Unknown 0-0: Foul Ball, location: 2F
0-1: Ball
1-1: Ball
2-1: Ball
3-1: Base on Balls
Jim Unknown scores
Jim Unknown to third
Jim Unknown to second
Batting: RHB Jim Unknown 0-0: Foul Ball, location: 2F
0-1: Ball
1-1: Swinging Strike
1-2: Ball
2-2: Strikes out swinging
Batting: SHB Jim Unknown 0-0: Reached on error, E3 (Groundball, 3)
Jim Unknown scores
Jim Unknown to third
Jim Unknown to second
Batting: LHB Jim Unknown 0-0: Called Strike
0-1: Ball
1-1: Swinging Strike
1-2: Foul Ball, location: 2F
1-2: Foul Ball, location: 2F
1-2: Ball
2-2: Fly out, F9 (Flyball, 9LM)
Runner from 3rd tags up, SCORES, throw made
Pitching: LHP Terry Dwyer
Batting: SHB Jim Unknown 0-0: Foul Ball, location: 2F
0-1: Fly out, F8 (Line Drive, 8RM)
Top of the 8th over - 3 run(s), 1 hit(s), 1 error(s), 2 left on base; Austin 7 - Bay City 3
BOTTOM OF THE 8TH
Bay City Bombers batting - Pitching for Austin Capitols : LHP Jim Unknown
Batting: LHB Guy Riley 0-0: Ball
1-0: Called Strike
1-1: Ball
2-1: Fly out, F7 (Flyball, 78M)
Batting: RHB Millard Watson 0-0: Ground out 5-3 (Groundball, 56)
Batting: RHB Aaron Phillips 0-0: Ball
1-0: Called Strike
1-1: Swinging Strike
1-2: Ball
2-2: Ball
3-2: Ground out 5-3 (Groundball, 56)
Bottom of the 8th over - 0 run(s), 0 hit(s), 0 error(s), 0 left on base; Austin 7 - Bay City 3
TOP OF THE 9TH
Austin Capitols batting - Pitching for Bay City Bombers : LHP Terry Dwyer
Pitching: LHP Jim Unknown
Batting: RHB Jim Unknown 0-0: Ball
1-0: SINGLE (Line Drive, 78S)
Batting: RHB Jim Unknown 0-0: Ball
1-0: SINGLE (Line Drive, 3)
Jim Unknown to second
Batting: RHB Jim Unknown 0-0: Called Strike
0-1: Ball
1-1: Swinging Strike
1-2: Strikes out swinging
Batting: LHB Jim Unknown 0-0: Fly out, F6 (Popup, 6M)
Batting: RHB Jim Unknown 0-0: Ball
1-0: SINGLE (Groundball, 6)
Jim Unknown to third
Jim Unknown to second
Runner from 3rd tries for Home, SAFE, no throw or cutoff
Batting: RHB Jim Unknown 0-0: Fly out, F9 (Line Drive, 89M)
Top of the 9th over - 1 run(s), 3 hit(s), 0 error(s), 2 left on base; Austin 8 - Bay City 3
BOTTOM OF THE 9TH
Bay City Bombers batting - Pitching for Austin Capitols : LHP Jim Unknown
Pitching: RHP Jim Unknown
Batting: LHB John Doyle 0-0: Called Strike
0-1: Swinging Strike
0-2: Strikes out swinging
Batting: RHB Joaquín Parra 0-0: Called Strike
0-1: Ball
1-1: Ground out 5-3 (Groundball, 56)
Batting: LHB Mito Rin 0-0: Ball
1-0: Called Strike
1-1: Ball
2-1: Swinging Strike
2-2: Strikes out swinging
Bottom of the 9th over - 0 run(s), 0 hit(s), 0 error(s), 0 left on base; Austin 8 - Bay City 3
This league is powered by Out of the Park Baseball, the baseball management simulation game for PC, Mac and Linux
Monday, May 4th, 2015 - OOTP Baseball 15.6 Build 34